 Dungeon Crawl Stone Soup version 0.27-a0-203-gd48b2df3c9 (webtiles) character file.

Game seed: 120233982974719866

881 iamserjio the Skirmisher (level 8, -2/65 (67) HPs)
             Began as a Gnoll Abyssal Knight on Jan 30, 2021.
             Was a Priest of Lugonu.
             Slain by a wight
             ... wielding a +4 spear
              (7 damage)
             ... on level 6 of the Dungeon.
             The game lasted 00:09:37 (1609 turns).

iamserjio the Skirmisher (Gnoll Abyssal Knight)     Turns: 1609, Time: 00:09:38

HP:   -2/65 (67)    AC:  8    Str: 12    XL:     8   Next: 5%
MP:   12/12         EV: 13    Int: 14    God:    Lugonu [***...]
Gold: 141           SH:  0    Dex: 11    Spells: 4/12 levels left

rFire    . . .     SeeInvis .   d - +2 flail (holy)
rCold    . . .     Faith    .   (no shield)
rNeg     . . .     Spirit   .   b - +0 leather armour
rPois    .         Reflect  .   u - +0 helmet
rElec    .         Harm     .   x - +0 cloak
rCorr    .         Rampage  .   h - +0 pair of gloves
Will     .....                  g - +0 pair of boots
Stlth    ++........             (no amulet)
HPRegen  0.20/turn              (no ring)
MPRegen  0.13/turn              (no ring)

@: lightly drained
A: distributed training, fangs 1, strong nose
a: Renounce Religion, Depart the Abyss, Bend Space, Banish


You were on level 6 of the Dungeon.
You worshipped Lugonu.
Lugonu was most pleased with you.
You visited 1 branch of the dungeon, and saw 6 of its levels.
You visited the Abyss 1 time.

You collected 141 gold pieces.

Inventory:

Hand Weapons
 d - a +2 flail of holy wrath (weapon)
 e - a +0 dagger
 D - a +0 great sword
Missiles
 c - 53 poisoned darts
 p - 67 arrows
 t - 4 javelins
 y - 39 bolts
Armour
 b - a +0 leather armour (worn)
 g - a +0 pair of boots (worn)
 h - a +0 pair of gloves (worn)
 q - a +0 ring mail
 u - a +0 helmet (worn)
 x - a +0 cloak (worn)
 z - a +0 scale mail of cold resistance
Scrolls
 f - a scroll of amnesia
 m - 3 scrolls of remove curse {@r2}
 n - 2 scrolls of immolation
 r - a scroll of noise {unknown}
 v - a scroll of blinking {unknown}
 w - a scroll of enchant weapon {unknown}
 E - a scroll of magic mapping {@r5}
 G - a scroll of enchant armour {unknown}
Potions
 k - a potion of haste {@q4}


   Skills:
 + Level 7.2 Fighting
 + Level 2.9 Short Blades
 + Level 2.9 Long Blades
 + Level 5.4 Axes
 + Level 2.9 Maces & Flails
 + Level 2.9 Polearms
 + Level 2.9 Staves
 + Level 2.9 Slings
 + Level 2.9 Bows
 + Level 2.9 Crossbows
 + Level 2.9 Throwing
 + Level 5.4 Armour
 + Level 3.9 Dodging
 + Level 2.9 Stealth
 + Level 2.9 Shields
 + Level 2.9 Unarmed Combat
 + Level 2.9 Spellcasting
 + Level 2.3 Conjurations
 + Level 2.3 Hexes
 + Level 2.3 Summonings
 + Level 2.3 Necromancy
 + Level 2.3 Translocations
 + Level 2.3 Transmutations
 + Level 2.3 Fire Magic
 + Level 2.3 Ice Magic
 + Level 2.3 Air Magic
 + Level 2.3 Earth Magic
 + Level 2.3 Poison Magic
 + Level 5.6 Invocations
 + Level 2.9 Evocations


You had 4 spell levels left.
You knew the following spells:

 Your Spells              Type           Power        Failure   Level
a - Mephitic Cloud        Conj/Pois/Air  8%           30%         3
b - Blink                 Tloc           N/A          16%         2
c - Ensorcelled Hibernat  Hex/Ice        16%          16%         2
d - Apportation           Tloc           16%          11%         1

Your spell library contained the following spells:

 Spells                   Type           Power        Failure   Level
 Animate Skeleton         Necr           16%          11%         1
 Corona                   Hex            8%           11%         1
 Magic Dart               Conj           32%          11%         1
 Summon Small Mammal      Summ           32%          11%         1
 Call Imp                 Summ           8%           16%         2
 Slow                     Hex            8%           16%         2
 Confusing Touch          Hex            8%           30%         3
 Conjure Flame            Conj/Fire      8%           30%         3
 Dazzling Flash           Conj/Hex       16%          30%         3
 Tukima's Dance           Hex            8%           30%         3


Dungeon Overview and Level Annotations

Branches:
Dungeon (6/15)
 Temple: D:4-7

Altars:
Fedhas
Okawaru


Innate Abilities, Weirdness & Mutations

Your experience applies equally to all skills.
You have very sharp teeth.
Your uncanny sense of smell can sniff out nearby items.


Message History

The black bear closely misses you.
The wight hits you from afar with a +4 spear.
* * * LOW HITPOINT WARNING * * *
The orc hits you with a +0 falchion.
* * * LOW HITPOINT WARNING * * *
You hit the orc.
The phantom blinks!
The black bear bites you but does no damage.
The black bear claws you but does no damage. x2
The wight closely misses you. The orc barely misses you.
The black bear bites you!
* * * LOW HITPOINT WARNING * * *
The black bear misses you. The black bear completely misses you.
Okay, then.
Okay, then.
As you read the scroll of fear, it crumbles to dust.
You assume a fearsome visage.
The orc looks frightened!
The orc wizard looks frightened!
The wight is unaffected. x3
The black bear looks frightened!
The wight hits you from afar with a +4 spear!
You die... ..... .... .... ..### . ∆ .z.o #... # #zz

...# # ##. #h#
..o.. #.....
#@#...... ....#
. #o#).....
......
...#####>.####.
......
................
#....#
...###...§.[....
.##...
#........§. . ..
##......... .# .
...####### ..
....


You could see a black bear (fleeing), 3 wights, an orc wizard (fleeing) and an
orc (fleeing).

Vanquished Creatures
  An orc warrior (D:6)
  An ogre (D:5)
  A necrophage (D:2)
  2 centaurs (D:5)
  A centaur zombie (D:3)
  A bullfrog zombie (D:5)
  A hound (D:4)
  A bullfrog skeleton (D:5)
  A quasit (D:6)
  An orc priest (D:4)
  An iguana (D:5)
  Jessica (D:2)
  Natasha (D:2)
  An orc wizard (D:4)
  2 worker ants
  A hound zombie (D:5)
  Robin (D:2)
  A shadow imp (D:3)
  An ufetubus (D:5)
  An ooze (D:3)
  A worm (D:3)
  A leopard gecko (D:3)
  5 orcs (D:4)
  13 goblins
  7 hobgoblins
  6 jackals
  A kobold (D:3)
  A ball python (D:1)
  A ball python skeleton (D:5)
  7 bats
  2 frilled lizards
  A jackal zombie (D:5)
  3 rats
71 creatures vanquished.

Notes
Turn   | Place    | Note
-------+----------+-------------------------------------------
     0 | Abyss:1  | iamserjio the Gnoll Abyssal Knight began the quest for the
                  | Orb.
     0 | Abyss:1  | Reached XP level 1. HP: 23/23 MP: 3/3
    38 | D:1      | Escaped the Abyss
   176 | D:1      | Reached XP level 2. HP: 25/29 MP: 5/5
   304 | D:2      | Noticed Robin
   307 | D:2      | Reached ** piety under Lugonu
   314 | D:2      | Reached XP level 3. HP: 35/35 MP: 6/6
   387 | D:3      | Reached skill level 1 in Short Blades
   387 | D:3      | Reached skill level 1 in Long Blades
   387 | D:3      | Reached skill level 1 in Maces & Flails
   387 | D:3      | Reached skill level 1 in Polearms
   387 | D:3      | Reached skill level 1 in Staves
   387 | D:3      | Reached skill level 1 in Slings
   387 | D:3      | Reached skill level 1 in Bows
   387 | D:3      | Reached skill level 1 in Crossbows
   387 | D:3      | Reached skill level 1 in Throwing
   387 | D:3      | Reached skill level 1 in Stealth
   387 | D:3      | Reached skill level 1 in Shields
   387 | D:3      | Reached skill level 1 in Unarmed Combat
   387 | D:3      | Reached skill level 1 in Spellcasting
   387 | D:3      | Reached skill level 1 in Evocations
   387 | D:3      | Reached XP level 4. HP: 24/41 MP: 7/7
   427 | D:3      | Found an iron altar of Okawaru.
   428 | D:3      | Found a blossoming altar of Fedhas.
   548 | D:3      | Reached skill level 1 in Conjurations
   548 | D:3      | Reached skill level 1 in Hexes
   548 | D:3      | Reached skill level 1 in Summonings
   548 | D:3      | Reached skill level 1 in Necromancy
   548 | D:3      | Reached skill level 1 in Translocations
   548 | D:3      | Reached skill level 1 in Transmutations
   548 | D:3      | Reached skill level 1 in Fire Magic
   548 | D:3      | Reached skill level 1 in Ice Magic
   548 | D:3      | Reached skill level 1 in Air Magic
   548 | D:3      | Reached skill level 1 in Earth Magic
   548 | D:3      | Reached skill level 1 in Poison Magic
   560 | D:2      | Killed Robin
   576 | D:2      | Noticed a necrophage
   591 | D:2      | Killed a necrophage
   592 | D:2      | Reached XP level 5. HP: 47/47 MP: 8/8
   618 | D:2      | Noticed Jessica
   625 | D:2      | Killed Jessica
   626 | D:2      | Reached skill level 5 in Invocations
   681 | D:2      | Noticed Natasha
   691 | D:2      | Killed Natasha
   692 | D:2      | Reached XP level 6. HP: 45/53 MP: 9/9
   868 | D:5      | Entered Level 5 of the Dungeon
   956 | D:4      | Reached skill level 5 in Axes
   956 | D:4      | Reached skill level 5 in Armour
  1094 | D:5      | Learned a level 3 spell: Mephitic Cloud
  1097 | D:5      | Learned a level 2 spell: Blink
  1127 | D:5      | Reached *** piety under Lugonu
  1194 | D:5      | Reached XP level 7. HP: 28/59 MP: 10/10
  1198 | D:5      | Reached skill level 7 in Fighting
  1259 | D:5      | Learned a level 2 spell: Ensorcelled Hibernation
  1350 | D:4      | Learned a level 1 spell: Apportation
  1602 | D:6      | Reached XP level 8. HP: 39/67 MP: 12/12
  1609 | D:6      | Slain by a wight

Illustrated notes

Levels and vault maps discovered:
D:1:      mrwooster_arrival_statue_2, layout_loops_corners, st_stairs_10,
          palyth_stone_intersect, minmay_tetromino_t4
D:2:      layout_basic, uniq_robin, uniq_jessica, uniq_crazy_yiuf_cottage,
          uniq_natasha
D:3:      layout_loops_ring, chequers_temple_overflow_statue_of_worship,
          minmay_cupped
D:4:      layout_loops_ring, kennysheep_generic_room_2
D:5:      layout_basic, chequers_decorated_corner,
          eino_small_chamber_without_monster
D:6:      layout_rooms, serial_curves, eino_curves_02, eino_curves_01,
          eino_curves_04, minmay_door_square

Skill      XL: |  1  2  3  4  5  6  7 |
---------------+----------------------+-----
Short Blades   | 1 2 |  2.9
Long Blades    | 1 2 |  2.9
Maces & Flails | 1 2 |  2.9
Polearms       | 1 2 |  2.9
Staves         | 1 2 |  2.9
Slings         | 1 2 |  2.9
Bows           | 1 2 |  2.9
Crossbows      | 1 2 |  2.9
Throwing       | 1 2 |  2.9
Stealth        | 1 2 |  2.9
Shields        | 1 2 |  2.9
Unarmed Combat | 1 2 |  2.9
Spellcasting   | 1 2 |  2.9
Evocations     | 1 2 |  2.9
Conjurations   | 1 2 |  2.3
Hexes          | 1 2 |  2.3
Summonings     | 1 2 |  2.3
Necromancy     | 1 2 |  2.3
Translocations | 1 2 |  2.3
Transmutations | 1 2 |  2.3
Fire Magic     | 1 2 |  2.3
Ice Magic      | 1 2 |  2.3
Air Magic      | 1 2 |  2.3
Earth Magic    | 1 2 |  2.3
Poison Magic   | 1 2 |  2.3
Dodging        | 3 |  3.9
Invocations    | 5 |  5.6
Axes           | 5 |  5.4
Armour         | 5 |  5.4
Fighting       | 7 |  7.2

Action                   |  1- 3 |  4- 6 |  7- 9 || total
-------------------------+-------+-------+-------++-------
Melee: Hand axe          |    83 |    93 |       ||   176
       Bite              |     5 |    11 |     5 ||    21
       Flail             |       |    23 |    60 ||    83
       Unarmed           |       |       |     5 ||     5
       Punch             |       |       |     1 ||     1
 Cast: Ensorcelled Hiber |       |       |     3 ||     3
  Use: Potion            |       |     8 |     1 ||     9
       Scroll            |       |       |     6 ||     6
Armor: Leather armour    |    46 |     9 |    32 ||    87
       Ring mail         |       |    37 |     2 ||    39
       Skin              |       |    46 |    91 ||   137
Dodge: Dodged            |    69 |    82 |    77 ||   228

Table legend: (Time is in decaauts)
 A = Elapsed time spent in this place.
 B = Non-inter-level travel time spent in this place.
 C = Inter-level travel time spent in this place.
 D = Time resting spent in this place.
 E = Time spent auto-exploring this place.
 F = Levels seen in this place.
 G = Mean time per level.
                   A        B        C        D        E       F      G
               +--------+--------+--------+--------+--------+-----+--------+
         Total |   1640 |   1516 |    124 |      0 |      0 |   7 |  234.3 |
       Dungeon |   1602 |   1478 |    124 |      0 |      0 |   6 |  267.0 |
         Abyss |     38 |     38 |      0 |      0 |      0 |   1 |   38.0 |
               +--------+--------+--------+--------+--------+-----+--------+

Top non-repeatable levels by time:
     D:5: 503 daAuts
     D:4: 325 daAuts
     D:3: 279 daAuts
     D:2: 227 daAuts
     D:1: 217 daAuts
     D:6: 49 daAuts
 Abyss:1: 38 daAuts
